Map: Catalyst LE

Players

DnS - Winner!

  • Race: Protoss Protoss
  • Spawn Location: 11:00

Silky

  • Race: Zerg Zerg
  • Spawn Location: 5:00

Event: WCS Austin 2018

VOD

Have the link to the VOD?

Description

Time

  • Played on: June 1, 2018, 3:50 p.m.
  • Length: 17:28

All games in this series

Show
View Real Time Build Order
Export as new Build Order

DnS Protoss - Winner!

Build Orders: 1 Gate Expand, Oracle Opening, Phoenix Opening, Archon Immortal, Zealot Archon, Archon Drop 

Get SALT Encoding   

  12  0:00  Probe  
  13  0:13  Probe  
  14  0:18  Pylon  
  14  0:24  Probe  
  15  0:33  Probe  
  15  0:41  Gateway, Probe  
  17  0:51  Probe  
  17  0:52  Assimilator  
  18  1:03  Probe  
  19  1:15  Probe  
  20  1:25  Nexus  
  20  1:36  Cybernetics Core  
  20  1:39  Probe  
  21  1:45  Assimilator  
  21  1:51  Probe  
  22  1:54  Pylon  
  22  2:03  Adept, Probe  
  23  2:15  Probe  
  26  2:21  Stargate  
  26  2:22  Adept  
  26  2:27  Probe  
  27  2:33  Probe  
  29  2:38  Warp Gate  
  29  2:41  Probe x2  
  31  2:47  Adept  
  34  2:51  Probe  
  34  2:53  Probe  
  36  2:58  Oracle  
  36  3:04  Probe  
  36  3:05  Probe  
  41  3:16  Probe  
  41  3:17  Probe  
  41  3:18  Pylon  
  43  3:20  Adept  
  45  3:28  Probe  
  45  3:30  Probe  
  43  3:35  Phoenix, Gateway  
  43  3:39  Assimilator  
  43  3:40  Probe  
  44  3:42  Assimilator, Probe  
  47  3:50  Pylon  
  47  3:52  Probe  
  47  3:54  Probe  
  49  4:04  Probe  
  49  4:06  Robotics Facility, Probe  
  51  4:14  Twilight Council  
  51  4:16  Probe  
  52  4:18  Probe  
  52  4:23  Gateway x2  
  53  4:29  Charge, Probe  
  54  4:34  Gateway  
  54  4:35  Gateway  
  54  4:42  Warp Prism  
  54  4:48  Zealot x2  
  60  5:02  Templar Archives, Pylon  
  60  5:10  Pylon  
  59  5:27  Zealot x2  
  63  5:28  Pylon  
  62  5:38  Probe x2  
  64  5:43  High Templar x4  
  64  5:47  Archon x2  
  72  5:56  Probe  
  73  5:57  Probe  
  73  5:59  Pylon  
  73  6:01  Pylon  
  73  6:02  Observer  
  73  6:03  Pylon  
  74  6:08  Probe  
  74  6:09  Nexus  
  74  6:10  Pylon  
  75  6:17  Zealot x6  
  87  6:19  Immortal  
  88  6:30  Probe x2  
  92  6:40  Zealot x2  
  92  6:42  Probe  
  92  6:43  Probe  
  92  6:48  Immortal  
  92  6:51  Sentry  
  92  6:52  Sentry x3  
  82  6:54  Probe  
  82  6:55  Probe  
  88  7:06  Probe, Forge  
  88  7:08  Probe  
  90  7:18  Probe  
  90  7:19  Immortal  
  90  7:20  Probe  
  92  7:25  Probe  
  97  7:30  Probe  
  97  7:32  Probe  
  97  7:34  Protoss Ground Weapons Level 1  
  99  7:37  Psionic Storm, Probe  
  99  7:42  Probe  
  102  7:44  Probe  
  102  7:46  Assimilator  
  102  7:47  Pylon  
  102  7:49  Probe  
  102  7:50  Assimilator  
  103  7:54  Probe  
  103  7:56  Probe  
  105  8:02  High Templar x3  
  105  8:03  Zealot  
  105  8:05  Probe  
  114  8:08  Photon Cannon  
  114  8:11  Probe  
  115  8:13  Immortal  
  115  8:15  Gateway x2  
  115  8:16  Zealot, High Templar  
  119  8:20  Pylon  
  119  8:21  Pylon  
  123  8:35  Probe  
  123  8:36  Robotics Facility  
  124  8:42  High Templar x2  
  124  8:43  Immortal  
  124  8:45  Archon  
  128  8:52  Nexus  
  128  8:53  Pylon  
  132  8:57  Pylon  
  132  8:58  Archon  
  132  9:01  High Templar  
  134  9:09  High Templar  
  136  9:12  Zealot x2  
  136  9:13  Immortal  
  136  9:14  Archon  
  136  9:16  Photon Cannon  
  139  9:20  High Templar, Photon Cannon  
  139  9:22  Photon Cannon  
  145  9:26  Immortal, Photon Cannon  
  145  9:29  Zealot x2  
  153  9:35  High Templar  
  155  9:41  Probe x3  
  155  9:42  Immortal  
  162  9:53  Probe, Protoss Ground Weapons Level 2  
  163  10:05  Observer  
  163  10:06  Pylon  
  164  10:08  Pylon  
  164  10:09  Pylon  
  164  10:11  Pylon  
  164  10:13  Zealot x7  
  163  10:27  Immortal x2  
  155  10:40  Zealot x6  
  149  10:49  Zealot x2  
  139  10:58  Immortal  
  139  11:03  High Templar x3  
  145  11:05  Zealot, High Templar x2  
  145  11:09  Archon  
  149  11:23  Pylon  
  147  11:26  Nexus  
  147  11:35  Pylon  
  147  11:38  High Templar x4  
  155  11:42  Archon x2  
  155  11:45  Immortal  
  159  12:02  Zealot x4  
  159  12:05  Immortal  
  166  12:14  Oracle  
  167  12:17  Probe x3  
  167  12:22  Assimilator  
  164  12:24  Zealot x4  
  164  12:25  Zealot x4, Pylon  
  164  12:29  Assimilator  
  172  12:35  Fleet Beacon  
  172  12:36  Stargate  
  156  12:47  Observer x2  
  158  12:57  High Templar x2  
  158  12:58  Zealot x6  
  172  13:02  Archon  
  170  13:16  Carrier x2  
  170  13:26  Graviton Catapult  
  182  13:28  Protoss Air Weapons Level 1  
  180  13:37  Mothership  
  180  13:47  Photon Cannon  
  180  13:48  Photon Cannon  
  188  13:52  Photon Cannon  
  188  13:54  Photon Cannon  
  188  13:56  Shield Battery  
  188  14:03  Zealot x6  
  188  14:06  Nexus  
  168  14:28  Zealot x3  
  168  14:29  Zealot x5  
  168  14:30  Probe  
  168  14:31  Probe x2  
  173  14:43  Observer  
  173  14:45  Observer  
  153  14:55  Zealot x2  
  153  14:59  Probe x3  
  160  15:05  Observer  
  161  15:11  Probe  
  161  15:19  Zealot x2  
  165  15:25  Probe x3  
  165  15:28  Probe  
  164  15:37  Probe  
  164  15:42  High Templar x6  
  175  15:51  Archon x2  
  175  15:52  Archon  
  175  15:53  Probe x2  
  175  15:54  Zealot, Probe  
  175  15:55  Observer x2  
  164  16:11  High Templar  
  163  16:25  High Templar x2  
  143  16:26  High Templar x2  
  143  16:29  Zealot  
  143  16:30  Zealot x2  
  143  16:32  Archon x2  
  151  16:35  Probe x3  
  154  16:42  Probe  
  155  16:53  Probe x2  
  157  16:54  Probe  
  157  16:55  Pylon, Probe x2  
  157  16:57  Zealot x2  
  161  17:05  Probe x2  
  161  17:06  Probe  
  161  17:07  Probe  
  162  17:13  Zealot  
  162  17:14  Zealot  
Show
View Real Time Build Order
Export as new Build Order

Silky Zerg 

Build Orders: Hatch First, Lurkers, Roach Hydra 

Get SALT Encoding   

  12  0:00  Drone  
  13  0:12  Overlord  
  13  0:16  Drone  
  14  0:31  Drone x2  
  16  0:49  Drone  
  17  0:55  Drone  
  18  0:58  Drone  
  18  1:00  Hatchery  
  18  1:08  Extractor  
  17  1:13  Spawning Pool  
  17  1:17  Drone  
  17  1:20  Drone  
  18  1:27  Drone  
  19  1:38  Drone  
  20  1:49  Overlord  
  20  2:00  Queen  
  22  2:09  Zergling x2  
  22  2:12  Metabolic Boost, Queen, Zergling x2  
  22  2:15  Drone  
  27  2:23  Drone x2  
  29  2:37  Drone  
  29  2:39  Drone  
  29  2:43  Hatchery  
  30  2:44  Zergling x2  
  30  2:49  Overlord  
  31  2:54  Zergling x2  
  31  2:55  Zergling x2  
  32  3:05  Drone x2  
  32  3:09  Zergling x2  
  35  3:14  Drone x2  
  35  3:17  Queen  
  39  3:20  Drone x2  
  39  3:30  Drone x4  
  41  3:35  Spore Crawler  
  41  3:39  Spore Crawler  
  39  3:45  Drone  
  39  3:47  Drone x2  
  42  3:49  Drone  
  42  3:50  Drone  
  44  3:56  Spore Crawler  
  44  3:57  Drone  
  44  4:01  Drone x2  
  42  4:07  Drone x2  
  44  4:11  Overlord  
  44  4:15  Drone  
  45  4:22  Roach Warren  
  45  4:23  Overlord  
  44  4:28  Overlord  
  44  4:31  Drone x3  
  46  4:34  Drone  
  46  4:37  Drone x2  
  50  4:41  Drone  
  50  4:46  Drone  
  50  4:47  Drone x2  
  50  4:48  Drone x2  
  55  4:53  Drone x3  
  58  5:02  Roach x4  
  58  5:06  Overlord  
  66  5:08  Overlord  
  66  5:10  Overlord  
  65  5:16  Overlord  
  65  5:18  Overlord  
  65  5:19  Roach  
  65  5:24  Extractor  
  65  5:25  Roach, Extractor  
  65  5:26  Roach x3  
  71  5:30  Overlord  
  71  5:33  Roach  
  72  5:38  Overlord  
  72  5:40  Queen  
  74  5:44  Roach  
  74  5:47  Drone x4  
  74  5:48  Roach  
  82  5:52  Roach  
  82  5:54  Zergling x4  
  82  5:56  Roach  
  88  5:58  Roach  
  88  6:02  Roach  
  90  6:06  Roach  
  90  6:08  Zergling x2  
  90  6:10  Zergling x2  
  90  6:11  Zergling x4  
  96  6:13  Roach  
  96  6:17  Roach x2, Queen  
  104  6:22  Evolution Chamber  
  104  6:25  Evolution Chamber  
  102  6:26  Evolution Chamber, Drone x2  
  102  6:29  Lair  
  102  6:30  Drone  
  104  6:34  Overlord  
  104  6:41  Overlord  
  104  6:43  Drone x6  
  108  6:48  Overlord  
  108  6:53  Extractor  
  108  6:54  Extractor  
  96  6:55  Drone x6  
  102  7:03  Zerg Missile Weapons Level 1  
  102  7:04  Overlord, Drone  
  103  7:09  Drone x2  
  103  7:12  Extractor  
  103  7:13  Hatchery  
  103  7:18  Overlord  
  103  7:28  Glial Reconstitution  
  103  7:31  Drone x5  
  103  7:32  Hydralisk Den  
  103  7:38  Roach x5  
  113  7:45  Drone x4  
  113  7:49  Overlord  
  117  7:53  Drone x3  
  117  7:56  Ravager  
  117  7:57  Ravager x3  
  124  8:03  Grooved Spines  
  124  8:05  Hydralisk  
  125  8:06  Lurker Den  
  125  8:07  Overlord, Drone  
  125  8:12  Hydralisk x3  
  131  8:20  Drone x3  
  131  8:23  Drone x3  
  131  8:24  Extractor  
  131  8:25  Hydralisk x2  
  140  8:28  Queen  
  140  8:32  Hydralisk x2  
  146  8:34  Hydralisk x2  
  146  8:36  Overlord  
  146  8:40  Hydralisk x2  
  154  8:45  Overlord  
  154  8:48  Hydralisk  
  156  8:49  Zergling x4  
  156  8:50  Zergling x2  
  156  8:53  Overseer  
  159  8:59  Hydralisk x3  
  165  9:07  Overlord  
  165  9:09  Overlord  
  165  9:10  Queen  
  165  9:14  Muscular Augments  
  165  9:15  Hydralisk  
  165  9:16  Hydralisk x3, Zergling x2  
  165  9:17  Zergling x6  
  178  9:22  Zergling x4  
  181  9:26  Zergling x4  
  181  9:27  Spine Crawler x2  
  181  9:34  Zergling x10  
  181  9:35  Lurker x4  
  181  9:36  Lurker  
  191  9:40  Extractor  
  191  9:42  Zergling x8  
  193  9:47  Lurker x2  
  193  9:50  Zergling x10  
  200  9:55  Zergling x2  
  191  10:01  Drone x3, Hydralisk  
  191  10:02  Drone, Hydralisk  
  193  10:11  Roach x5  
  193  10:13  Overseer  
  198  10:16  Infestation Pit  
  192  10:21  Roach x4  
  192  10:22  Roach  
  180  10:29  Roach x6  
  184  10:35  Hydralisk  
  184  10:36  Hydralisk x2  
  182  10:45  Roach x4  
  182  10:48  Drone x2  
  170  10:52  Drone x2  
  170  10:53  Drone x2  
  170  10:56  Drone x2  
  176  11:03  Drone x4  
  176  11:09  Hydralisk x2  
  177  11:14  Drone x2  
  179  11:21  Hydralisk x2  
  179  11:22  Hydralisk x2  
  187  11:31  Zergling x16  
  195  11:35  Overseer  
  195  11:45  Zergling x10  
  200  11:55  Hive  
  200  12:01  Zergling x4  
  200  12:08  Zergling x18  
  200  12:16  Spire  
  196  12:25  Roach  
  196  12:26  Roach x2  
  197  12:31  Pneumatized Carapace  
  197  12:36  Hatchery  
  195  12:43  Hydralisk x7  
  199  12:50  Zerg Missile Weapons Level 2  
  200  12:51  Zerg Ground Armor Level 1  
  199  13:10  Adaptive Talons  
  199  13:12  Drone x3  
  193  13:35  Greater Spire  
  193  13:38  Lurker x6  
  199  13:47  Hatchery  
  198  14:00  Overlord x2  
  196  14:06  Overlord  
  194  14:12  Roach x2  
  198  14:22  Roach x2  
  198  14:23  Roach x3  
  197  14:30  Roach  
  197  14:31  Roach x5  
  187  14:40  Roach  
  187  14:41  Roach x10  
  187  14:45  Roach  
  190  14:54  Corruptor x4  
  195  15:14  Hatchery  
  194  15:29  Corruptor x2  
  194  15:31  Zerg Flyer Weapons Level 1  
  198  15:36  Hatchery  
  187  15:50  Infestor, Corruptor x5  
  199  16:01  Corruptor x3  
  188  16:04  Hydralisk x2  
  188  16:07  Overlord  
  188  16:08  Overlord x2  
  187  16:24  Hydralisk x14  
  187  16:25  Hydralisk x2  
  148  16:28  Hydralisk  
  136  16:35  Roach  
  136  16:37  Roach x3  
  143  16:40  Roach  
  143  16:41  Queen  
  143  16:46  Roach x3  
  143  16:47  Roach x2  
  155  16:56  Overseer x2  
  155  16:57  Roach  
  155  16:58  Roach  
  161  17:05  Lurker x5  
  161  17:06  Lurker  
  167  17:08  Roach  
Tags
 
Add a new tag
Caveats
  • Supply blocks, unpowered buildings, or Contaminate may cause inaccurate times.
  • Supply counts are checked every 10 seconds.